| TOP OF THE 1ST |
|
Greeneville Astros batting - Pitching for Elizabethton Twins : RHP Tony Icamen
|
|
Pitching: RHP Tony Icamen
|
|
|
Batting: RHB Jason Monico
|
0-0: Ball 1-0: Swinging Strike 1-1: Swinging Strike 1-2: Ball 2-2: Ball 3-2: Strikes out swinging
|
|
Batting: RHB John Moore
|
0-0: Foul Ball, location: 2F 0-1: Foul Ball, location: 2F 0-2: Foul Ball, location: 2F 0-2: Ball 1-2: Foul Ball, location: 2F 1-2: Foul Ball, location: 2F 1-2: Strikes out swinging
|
|
Batting: RHB Drew Coleman
|
0-0: Swinging Strike 0-1: Ball 1-1: Ground out 6-3 (Groundball, 6, EV 86.9 MPH)
|
| Top of the 1st over - 0 runs, 0 hits, 0 errors, 0 left on base; Greeneville 0 - Elizabethton 0 |
| BOTTOM OF THE 1ST |
|
Elizabethton Twins batting - Pitching for Greeneville Astros : LHP Guadalupe Gonzalez
|
|
Pitching: LHP Guadalupe Gonzalez
|
|
|
Batting: RHB Fhil Mikrakin
|
0-0: Called Strike 0-1: Ball 1-1: Ground out 1-4-3 (Groundball, 15S, EV 108.1 MPH)
|
|
Batting: RHB Josh Harmon
|
0-0: Foul Ball, location: 2F 0-1: Swinging Strike 0-2: Ball 1-2: SINGLE (Groundball, 56, EV 103.8 MPH)
|
|
Batting: RHB Nestor Moreno
|
0-0: Called Strike 0-1: Ball 1-1: Foul Ball, location: 2F 1-2: Foul Ball, location: 2F 1-2: Foul Ball, location: 2F 1-2: Foul Ball, location: 2F 1-2: Strikes out swinging
|
|
Batting: RHB Hisao Takei
|
0-0: Ball 1-0: Foul Ball, location: 2F 1-1: Ball 2-1: Ball Wild Pitch! Josh Harmon to second 3-1: SINGLE (Line Drive, 56D, EV 97.5 MPH) Josh Harmon to third Runner from 3rd tries for Home, SAFE, throw by LF to home
|
|
Batting: SHB Nadhir Umayr
|
0-0: Swinging Strike 0-1: Foul Ball, location: 2F 0-2: Ground out U3 (Groundball, 3L, EV 81.9 MPH)
|
| Bottom of the 1st over - 1 run, 2 hits, 0 errors, 1 left on base; Greeneville 0 - Elizabethton 1 |
| TOP OF THE 2ND |
|
Greeneville Astros batting - Pitching for Elizabethton Twins : RHP Tony Icamen
|
|
Batting: LHB Lou Toth
|
0-0: Ball 1-0: Called Strike 1-1: Foul Ball, location: 2F 1-2: Hit by Pitch
|
|
Batting: RHB Areda Obote
|
0-0: Ball 1-0: Grounds into double play, 4-6-3 (Groundball, 4, EV 97.5 MPH)
|
|
Batting: RHB Roger Pelley
|
0-0: Ball 1-0: Ground out 6-3 (Groundball, 6, EV 102.5 MPH)
|
| Top of the 2nd over - 0 runs, 0 hits, 0 errors, 0 left on base; Greeneville 0 - Elizabethton 1 |
| BOTTOM OF THE 2ND |
|
Elizabethton Twins batting - Pitching for Greeneville Astros : LHP Guadalupe Gonzalez
|
|
Batting: RHB Kenny Reynolds
|
0-0: Ball 1-0: Ball 2-0: Ball 3-0: Swinging Strike 3-1: Foul Ball, location: 2F 3-2: Foul Ball, location: 2F 3-2: Base on Balls
|
|
Batting: SHB Rodrigo Mendoza
|
0-0: Swinging Strike 0-1: Ball 1-1: Swinging Strike 1-2: Strikes out swinging
|
|
Batting: LHB David Ramos
|
0-0: Ball Passed Ball! Kenny Reynolds to second 1-0: Ball 2-0: Called Strike 2-1: Ground out 4-3 (Groundball, 4MD, EV 102.5 MPH) Kenny Reynolds to third
|
|
Batting: LHB Joey Zamora
|
0-0: Ball 1-0: Foul Ball, location: 2F 1-1: Foul Ball, location: 2F 1-2: Foul Ball, location: 2F 1-2: Ball 2-2: Foul Ball, location: 2F 2-2: Strikes out swinging
|
| Bottom of the 2nd over - 0 runs, 0 hits, 0 errors, 1 left on base; Greeneville 0 - Elizabethton 1 |
| TOP OF THE 3RD |
|
Greeneville Astros batting - Pitching for Elizabethton Twins : RHP Tony Icamen
|
|
Batting: RHB Domingas Saragoa
|
0-0: Ball 1-0: Ground out 5-3 (Groundball, 56, EV 76.9 MPH)
|
|
Batting: LHB Guadalupe Gonzalez
|
0-0: SINGLE (Line Drive, 6D, EV 103.1 MPH)
|
|
Batting: RHB Devon Healy
|
0-0: Called Strike Guadalupe Gonzalez is caught stealing 2nd base 2-4 0-1: Ball 1-1: Ball 2-1: Called Strike 2-2: Ball 3-2: Foul Ball, location: 2F 3-2: Strikes out looking
|
| Top of the 3rd over - 0 runs, 1 hit, 0 errors, 0 left on base; Greeneville 0 - Elizabethton 1 |
| BOTTOM OF THE 3RD |
|
Elizabethton Twins batting - Pitching for Greeneville Astros : LHP Guadalupe Gonzalez
|
|
Batting: RHB Fhil Mikrakin
|
0-0: Ball 1-0: Ball 2-0: Ball 3-0: Called Strike 3-1: Base on Balls
|
|
Batting: RHB Josh Harmon
|
0-0: Called Strike 0-1: Ball 1-1: Foul Ball, location: 2F 1-2: Foul Ball, location: 2F 1-2: Foul Ball, location: 2F 1-2: Ball 2-2: 2-RUN HOME RUN (Flyball, 8RXD, EV 116.2 MPH), Distance : 439 ft
|
|
Batting: RHB Nestor Moreno
|
0-0: Called Strike 0-1: Ball 1-1: Called Strike 1-2: Ball 2-2: Ball 3-2: Base on Balls
|
|
Batting: RHB Hisao Takei
|
0-0: Called Strike 0-1: Ball 1-1: Fielders Choice at 2nd, 5-4 (Groundball, 5L, EV 105.0 MPH)
|
|
Batting: SHB Nadhir Umayr
|
0-0: Called Strike 0-1: Fielders Choice at 2nd, 3-6 (Groundball, 34S, EV 77.5 MPH)
|
|
Batting: RHB Kenny Reynolds
|
0-0: Foul Ball, location: 2F 0-1: Called Strike 0-2: Ball 1-2: Ball 2-2: Strikes out swinging
|
| Bottom of the 3rd over - 2 runs, 1 hit, 0 errors, 1 left on base; Greeneville 0 - Elizabethton 3 |
| TOP OF THE 4TH |
|
Greeneville Astros batting - Pitching for Elizabethton Twins : RHP Tony Icamen
|
|
Batting: RHB Jason Monico
|
0-0: Called Strike 0-1: Ball 1-1: Ball 2-1: Swinging Strike 2-2: Strikes out swinging
|
|
Batting: RHB John Moore
|
0-0: Foul Ball, location: 2F 0-1: DOUBLE (Line Drive, 89M, EV 106.2 MPH)
|
|
Batting: RHB Drew Coleman
|
0-0: Ball 1-0: Ball 2-0: Ball 3-0: Base on Balls
|
|
Batting: LHB Lou Toth
|
0-0: Ball 1-0: Called Strike 1-1: Ball 2-1: Swinging Strike 2-2: Ball 3-2: Base on Balls John Moore to third Drew Coleman to second
|
|
Batting: RHB Areda Obote
|
0-0: Ball 1-0: Ball 2-0: Foul Ball, location: 2F 2-1: Fly out, F4 (Popup, 4, EV 58.8 MPH)
|
|
Batting: RHB Roger Pelley
|
0-0: Ball 1-0: Swinging Strike 1-1: Foul Ball, location: 2F 1-2: Strikes out swinging
|
| Top of the 4th over - 0 runs, 1 hit, 0 errors, 3 left on base; Greeneville 0 - Elizabethton 3 |
| BOTTOM OF THE 4TH |
|
Elizabethton Twins batting - Pitching for Greeneville Astros : LHP Guadalupe Gonzalez
|
|
Batting: SHB Rodrigo Mendoza
|
0-0: Called Strike 0-1: Swinging Strike 0-2: Ball 1-2: Ball 2-2: Ball 3-2: Base on Balls
|
|
Batting: LHB David Ramos
|
0-0: Called Strike 0-1: Fly out, F9 (Flyball, 9D, EV 88.8 MPH)
|
|
Pitching: RHP Ernie Bell
|
|
|
Batting: LHB Joey Zamora
|
0-0: Ball 1-0: Ball 2-0: Ball 3-0: Called Strike 3-1: Base on Balls Rodrigo Mendoza to second
|
|
Batting: RHB Fhil Mikrakin
|
0-0: Foul Ball, location: 2F 0-1: SINGLE (Line Drive, 6MD, EV 95.0 MPH) Rodrigo Mendoza to third Joey Zamora to second Runner from 3rd tries for Home, SAFE, throw by CF to home
|
|
Batting: RHB Josh Harmon
|
0-0: Called Strike 0-1: Foul Ball, location: 2F 0-2: Foul Ball, location: 2F 0-2: Foul Ball, location: 2F 0-2: Foul Ball, location: 2F 0-2: Ball 1-2: Foul Ball, location: 2F 1-2: Ball 2-2: Ball 3-2: Fly out, F3 (Popup, 3F, EV 76.2 MPH)
|
|
Batting: RHB Nestor Moreno
|
0-0: Called Strike 0-1: Ball 1-1: Ball 2-1: Swinging Strike 2-2: Ball 3-2: Strikes out swinging
|
| Bottom of the 4th over - 1 run, 1 hit, 0 errors, 2 left on base; Greeneville 0 - Elizabethton 4 |
| TOP OF THE 5TH |
|
Greeneville Astros batting - Pitching for Elizabethton Twins : RHP Tony Icamen
|
|
Batting: RHB Domingas Saragoa
|
0-0: Called Strike 0-1: Ball 1-1: Ball 2-1: Ground out 6-3 (Groundball, 6M, EV 87.5 MPH)
|
|
Batting: LHB Guadalupe Gonzalez
|
0-0: Foul Ball, location: 2F 0-1: Called Strike 0-2: Ball 1-2: Foul Ball, location: 2F 1-2: Foul Ball, location: 2F 1-2: Ball 2-2: Ball 3-2: Base on Balls
|
|
Batting: RHB Devon Healy
|
0-0: Ball Guadalupe Gonzalez steals 2nd base 1-0: Ball 2-0: Fly out, F9 (Flyball, 9S, EV 95.6 MPH)
|
|
Batting: RHB Jason Monico
|
0-0: Ball 1-0: 2-RUN HOME RUN (Flyball, 78XD, EV 107.5 MPH), Distance : 400 ft
|
|
Batting: RHB John Moore
|
0-0: Ball 1-0: Ball 2-0: Called Strike 2-1: Called Strike 2-2: Strikes out swinging
|
| Top of the 5th over - 2 runs, 1 hit, 0 errors, 0 left on base; Greeneville 2 - Elizabethton 4 |
| BOTTOM OF THE 5TH |
|
Elizabethton Twins batting - Pitching for Greeneville Astros : RHP Ernie Bell
|
|
Batting: RHB Hisao Takei
|
0-0: Foul Ball, location: 2F 0-1: Foul Ball, location: 2F 0-2: Ball 1-2: Ball 2-2: Ball 3-2: Foul Ball, location: 2F 3-2: Base on Balls
|
|
Batting: SHB Nadhir Umayr
|
0-0: Called Strike 0-1: Ball 1-1: DOUBLE (Line Drive, 7LM, EV 105.6 MPH) Hisao Takei to third
|
|
Batting: RHB Kenny Reynolds
|
0-0: Ball 1-0: Called Strike 1-1: Ball 2-1: Foul Ball, location: 2F 2-2: Foul Ball, location: 2F 2-2: SINGLE (Line Drive, 9S, EV 91.2 MPH) Hisao Takei scores Nadhir Umayr to third
|
|
Pitching: RHP Kuaika Anakala
|
|
|
Batting: SHB Rodrigo Mendoza
|
0-0: Called Strike 0-1: Ball 1-1: Ball 2-1: Swinging Strike 2-2: Foul Ball, location: 2F 2-2: Strikes out looking
|
|
Batting: LHB David Ramos
|
0-0: Ball Kenny Reynolds steals 2nd base 1-0: Ball 2-0: Foul Ball, location: 2F 2-1: Ball 3-1: Swinging Strike 3-2: Base on Balls
|
|
Batting: LHB Joey Zamora
|
0-0: Called Strike 0-1: Grounds into fielders choice 4-2 (Groundball, 13, EV 83.8 MPH) Kenny Reynolds to third David Ramos to second
|
|
Batting: RHB Fhil Mikrakin
|
0-0: Ball 1-0: Ball 2-0: Fly out, F8 (Flyball, 8RM, EV 84.4 MPH)
|
| Bottom of the 5th over - 1 run, 2 hits, 0 errors, 3 left on base; Greeneville 2 - Elizabethton 5 |
| TOP OF THE 6TH |
|
Greeneville Astros batting - Pitching for Elizabethton Twins : RHP Tony Icamen
|
|
Pitching: RHP Takeshi Kusanagi
|
|
|
Batting: RHB Drew Coleman
|
0-0: Called Strike 0-1: Fly out, F7 (Flyball, 7LS, EV 92.5 MPH)
|
|
Batting: LHB Lou Toth
|
0-0: Called Strike 0-1: Foul Ball, location: 2F 0-2: Ball 1-2: Ball 2-2: Ground out U3 (Groundball, 34, EV 88.1 MPH)
|
|
Batting: RHB Areda Obote
|
0-0: Ball 1-0: Ball 2-0: Ball 3-0: Base on Balls
|
|
Batting: RHB Roger Pelley
|
0-0: Ball 1-0: Foul Ball, location: 2F 1-1: Ball 2-1: Ball 3-1: Swinging Strike 3-2: Foul Ball, location: 2F 3-2: Foul Ball, location: 2F 3-2: Strikes out looking
|
| Top of the 6th over - 0 runs, 0 hits, 0 errors, 1 left on base; Greeneville 2 - Elizabethton 5 |
| BOTTOM OF THE 6TH |
|
Elizabethton Twins batting - Pitching for Greeneville Astros : RHP Kuaika Anakala
|
|
Batting: RHB Josh Harmon
|
0-0: Ball 1-0: Foul Ball, location: 2F 1-1: Foul Ball, location: 2F 1-2: SINGLE (Line Drive, 34D, EV 101.9 MPH)
|
|
Batting: RHB Nestor Moreno
|
0-0: Ground out 6-3 (Groundball, 56, EV 81.2 MPH) Josh Harmon to second
|
|
Batting: RHB Hisao Takei
|
0-0: Called Strike 0-1: Ball 1-1: Called Strike 1-2: Strikes out swinging
|
|
Batting: SHB Nadhir Umayr
|
0-0: Ball 1-0: Foul Ball, location: 2F 1-1: Called Strike 1-2: Strikes out looking
|
| Bottom of the 6th over - 0 runs, 1 hit, 0 errors, 1 left on base; Greeneville 2 - Elizabethton 5 |
| TOP OF THE 7TH |
|
Greeneville Astros batting - Pitching for Elizabethton Twins : RHP Takeshi Kusanagi
|
|
Batting: RHB Domingas Saragoa
|
0-0: Ball 1-0: Fly out, F8 (Line Drive, 8RD, EV 94.4 MPH)
|
|
Batting: LHB Guadalupe Gonzalez
|
0-0: Ball 1-0: Ball 2-0: Called Strike 2-1: Foul Ball, location: 2F 2-2: Foul Ball, location: 2F 2-2: Strikes out looking
|
|
Batting: RHB Devon Healy
|
0-0: Foul Ball, location: 2F 0-1: Ball 1-1: Called Strike 1-2: Strikes out swinging
|
| Top of the 7th over - 0 runs, 0 hits, 0 errors, 0 left on base; Greeneville 2 - Elizabethton 5 |
| BOTTOM OF THE 7TH |
|
Elizabethton Twins batting - Pitching for Greeneville Astros : RHP Kuaika Anakala
|
|
Pitching: RHP Marc Marchand
|
|
|
Batting: RHB Kenny Reynolds
|
0-0: Called Strike 0-1: Foul Ball, location: 2F 0-2: Strikes out swinging
|
|
Batting: SHB Rodrigo Mendoza
|
0-0: Foul Ball, location: 2F 0-1: Ball 1-1: Called Strike 1-2: Foul Ball, location: 2F 1-2: Strikes out looking
|
|
Batting: LHB David Ramos
|
0-0: Called Strike 0-1: Hit by Pitch
|
|
Batting: LHB Joey Zamora
|
0-0: Ball David Ramos steals 2nd base (no throw) 1-0: DOUBLE (Flyball, 8LXD, EV 101.2 MPH) David Ramos scores
|
|
Batting: RHB Fhil Mikrakin
|
0-0: Called Strike 0-1: Swinging Strike 0-2: Ball 1-2: Foul Ball, location: 2F 1-2: Ball 2-2: Ball 3-2: Base on Balls
|
|
Batting: RHB Josh Harmon
|
0-0: Ball 1-0: Ball 2-0: Ground out U3 (Groundball, 34, EV 86.9 MPH)
|
| Bottom of the 7th over - 1 run, 1 hit, 0 errors, 2 left on base; Greeneville 2 - Elizabethton 6 |
| TOP OF THE 8TH |
|
Greeneville Astros batting - Pitching for Elizabethton Twins : RHP Takeshi Kusanagi
|
|
Now in LF: Raul Aldaz
|
|
|
Batting: RHB Jason Monico
|
0-0: Ball 1-0: Foul Ball, location: 2F 1-1: Ball 2-1: Ball 3-1: Swinging Strike 3-2: Foul Ball, location: 2F 3-2: Base on Balls
|
|
Pitching: LHP Choji Tominaga
|
|
|
Batting: RHB John Moore
|
0-0: Ball 1-0: Called Strike 1-1: Swinging Strike 1-2: Foul Ball, location: 2F 1-2: Ball 2-2: Ball 3-2: Ground out 4-3 (Groundball, 34D, EV 109.4 MPH) Jason Monico to second
|
|
Batting: RHB Drew Coleman
|
0-0: Ball 1-0: Ball 2-0: Ground out 5-3 (Groundball, 56, EV 85.0 MPH)
|
|
Batting: LHB Lou Toth
|
0-0: Ball 1-0: Ball 2-0: Ball 3-0: Base on Balls
|
|
Batting: RHB Areda Obote
|
0-0: Ball 1-0: SINGLE (Groundball, 4MS, EV 80.6 MPH) (infield hit) Jason Monico to third Lou Toth to second
|
|
Batting: RHB Roger Pelley
|
0-0: Called Strike 0-1: Ball 1-1: DOUBLE (Flyball, 8RXD, EV 109.4 MPH) Jason Monico scores Lou Toth scores Areda Obote to third Runner from 3rd tries for Home, SAFE, throw by CF to home
|
|
Batting: RHB Domingas Saragoa
|
0-0: Called Strike 0-1: Foul Ball, location: 2F 0-2: Ball 1-2: Ball 2-2: Foul Ball, location: 2F 2-2: Ball 3-2: Foul Ball, location: 2F 3-2: Strikes out swinging
|
| Top of the 8th over - 3 runs, 2 hits, 0 errors, 1 left on base; Greeneville 5 - Elizabethton 6 |
| BOTTOM OF THE 8TH |
|
Elizabethton Twins batting - Pitching for Greeneville Astros : RHP Marc Marchand
|
|
Batting: RHB Nestor Moreno
|
0-0: Ball 1-0: Swinging Strike 1-1: Fly out, F9 (Flyball, 9D, EV 100.6 MPH)
|
|
Batting: RHB Hisao Takei
|
0-0: Called Strike 0-1: Ball 1-1: Ball 2-1: Ball 3-1: Swinging Strike 3-2: Ground out 6-3 (Groundball, 6, EV 103.8 MPH)
|
|
Batting: SHB Nadhir Umayr
|
0-0: Ball 1-0: Ball 2-0: Foul Ball, location: 2F 2-1: Ball 3-1: Swinging Strike 3-2: Base on Balls
|
|
Batting: RHB Kenny Reynolds
|
0-0: Called Strike Nadhir Umayr steals 2nd, throwing error, E2 Nadhir Umayr to third 0-1: Ball 1-1: Ball Wild Pitch! Nadhir Umayr scores 2-1: Ball 3-1: Base on Balls
|
|
Batting: SHB Rodrigo Mendoza
|
0-0: Ball 1-0: Ball 2-0: Swinging Strike 2-1: SINGLE (Groundball, 4MD, EV 100.0 MPH) Kenny Reynolds to second Runner from 2nd tries for 3rd, SAFE, throw by CF made to third
|
|
Batting: LHB David Ramos
|
0-0: Ball 1-0: Fly out, F9 (Line Drive, 89M, EV 88.1 MPH)
|
| Bottom of the 8th over - 1 run, 1 hit, 1 error, 2 left on base; Greeneville 5 - Elizabethton 7 |
| TOP OF THE 9TH |
|
Greeneville Astros batting - Pitching for Elizabethton Twins : LHP Choji Tominaga
|
|
Pitching: RHP Ron Didkowsky
|
|
|
Batting: LHB Guadalupe Gonzalez
|
0-0: Ball 1-0: Ground out 5-3 (Groundball, 5, EV 78.1 MPH)
|
|
Pinch Hitting: RHB Hugo Priego
|
0-0: Foul Ball, location: 2F 0-1: Foul Ball, location: 2F 0-2: Strikes out swinging
|
|
Batting: RHB Jason Monico
|
0-0: Ball 1-0: Ball 2-0: Ball 3-0: Base on Balls
|
|
Batting: RHB John Moore
|
0-0: Ball 1-0: Foul Ball, location: 2F 1-1: Swinging Strike 1-2: Ball 2-2: Foul Ball, location: 2F 2-2: Foul Ball, location: 2F 2-2: Strikes out swinging
|
| Top of the 9th over - 0 runs, 0 hits, 0 errors, 1 left on base; Greeneville 5 - Elizabethton 7 |
|